 Dungeon Crawl Stone Soup version 0.30-a0-1050-g2766ea1e55 (webtiles) character file.

Game seed: 16542648778656271156

20244 Gargoyl the Cleaver (level 12, -3/79 HPs)
             Began as a Gargoyle Berserker on Apr 11, 2023.
             Was a Priest of Trog.
             Slain by a red draconian
             ... wielding a +1 glaive of flaming
              (11 damage)
             ... in a volcano.
             The game lasted 00:14:27 (9488 turns).

Gargoyl the Cleaver (Gargoyle Berserker)            Turns: 9488, Time: 00:14:27

Health: -3/79      AC: 17    Str: 36    XL:     12   Next: 77%
Magic:  12/12      EV: 14    Int:  2    God:    Trog [***...]
Gold:   731        SH:  0    Dex: 13    Spells: 11/11 levels left

rFire   . . .      SeeInvis +    l - +4 war axe
rCold   . . .      Faith    .    (no shield)
rNeg    + . .      Spirit   .    I - +0 troll leather armour
rPois   ∞          Reflect  .    N - +0 hat "Qyosebau" {-Cast Rampage Regen+ Str+8}
rElec   +          Rampage  +    (no cloak)
rCorr   .          NoCast   +    O - +0 pair of gloves
Will    +....                    x - +1 pair of boots
Stlth   ++                       q - amulet of the acrobat
HPRegen 1.93/turn                b - ring of flight
MPRegen 0.13/turn                A - ring "Gepaept" {Will+ Str+3 Int-5 Dex+2 Slay+3 SInv}

@: on berserk cooldown, flying, slowed, very slow
A: sickness immunity, AC +8, negative energy resistance 1, electricity
resistance, torment resistance 1, petrification resistance
a: Renounce Religion, Berserk, Trog's Hand


You were in a volcano.
You worshipped Trog.
Trog was most pleased with you.
You visited 2 branches of the dungeon, and saw 13 of its levels.
You also visited: Volcano.

You collected 929 gold pieces.
You spent 198 gold pieces at shops.

Inventory:

Hand Weapons
 a - a +0 hand axe
 l - a +4 war axe (weapon)
Missiles
 E - 45 poisoned darts (quivered)
 F - 2 throwing nets
Armour
 x - a +1 pair of boots (worn)
 I - a +0 troll leather armour (worn)
 N - the +0 hat "Qyosebau" (worn) {-Cast Rampage Regen+ Str+8}
   (You acquired it on level 3 of the Lair of Beasts)

   Str:       It affects your strength (+8).
   -Cast:     It prevents spellcasting.
   Regen:     It increases your rate of health regeneration.
   Rampage:   It bestows one free step when moving towards enemies.
 O - a +0 pair of gloves (worn)
Jewellery
 b - a ring of flight (left hand)
 p - a ring of positive energy
 q - an amulet of the acrobat (around neck)
 A - the ring "Gepaept" (right hand) {Will+ Str+3 Int-5 Dex+2 Slay+3 SInv}
   (You found it on level 7 of the Dungeon)

   [ring of willpower]

   Str:       It affects your strength (+3).
   Int:       It affects your intelligence (-5).
   Dex:       It affects your dexterity (+2).
   Slay:      It affects your accuracy & damage with ranged weapons and melee
   (+3).
   SInv:      It lets you see invisible.
   Will:      It increases your willpower.
 G - a ring of magical power
 H - a ring of protection from fire
Wands
 e - a wand of flame (5)
 u - a wand of light (8)
 v - a wand of paralysis (13)
 y - a wand of roots (3)
 C - a wand of mindburst (11)
Scrolls
 s - 2 scrolls of poison
 t - 6 scrolls of teleportation
 D - a scroll of fear
 K - a scroll of fog
 M - a scroll of enchant armour
 P - a scroll of identify
Potions
 c - 3 potions of curing
 d - 6 potions of flight
 f - 3 potions of might
 g - a potion of cancellation
 h - a potion of resistance
 i - 3 potions of berserk rage
 j - 3 potions of heal wounds {unknown}
 k - 4 potions of degeneration {unknown}
 m - 7 potions of lignification {unknown}
 n - 2 potions of ambrosia {unknown}
 o - 3 potions of mutation {unknown}
 r - a potion of magic {unknown}
 z - a potion of invisibility {unknown}
 B - 3 potions of haste {unknown}
 J - a potion of attraction {unknown}
 L - a potion of brilliance {unknown}


   Skills:
 + Level 10.7 Fighting
 + Level 14.4 Axes
 + Level 0.1 Throwing
 + Level 6.9 Armour
 + Level 6.7 Dodging
 + Level 4.2 Stealth


You had 11 spell levels left.
You didn't know any spells.
Your spell library was empty.

Dungeon Overview and Level Annotations

Branches:
Dungeon (10/15)            Temple (0/1) D:6            Lair (3/5) D:8
 Shoals (0/4) Lair:3        Snake (0/4) Lair:2          Orc (0/2) D:10
Volcano (1/1)

Altars:
Cheibriados
Hepliaklqana
Okawaru
Qazlal
Trog

Shops:
D:5 ?(   D:6 ?[   D:7 ?(

Annotations:
Lair:3 3 runed translucent doors Volcano exclusion: obsidian statue


Innate Abilities, Weirdness & Mutations

You are immune to sickness and miasma.
Your stone body is resilient. (AC +8)
You are immune to poison.
You resist negative energy. (rN+)
You are resistant to electric shocks. (rElec)
You are resistant to unholy torment.
You are immune to petrification.


Message History

The smoke demon gestures at you. Something smites you!
The orange demon is engulfed in blazing flames.
The orange demon stings you from afar!
* * * LOW HITPOINT WARNING * * *
The hellwing hits you but does no damage. x2
The red draconian closely misses you.
Okay, then.
Blink to where?
Press: ? - help, Dir - move target
As you read the scroll of blinking, it crumbles to dust.
You are covered in liquid flames!
* * * LOW HITPOINT WARNING * * *
Your skin stops crawling.
You feel less strong-willed. The hellwing closely misses you.
The hellwing hits you but does no damage.
The orange demon is engulfed in blazing flames.
The orange demon stings you but does no damage.
The smoke demon gestures at you. Something smites you!
* * * LOW HITPOINT WARNING * * *
The hellwing barely misses you.
The hellwing hits you but does no damage.
The orange demon is engulfed in blazing flames.
The orange demon dies!
The orange demon disappears in a puff of smoke!
You feel better.
The red draconian hits you from afar with a +1 glaive of flaming.
* * * LOW HITPOINT WARNING * * *
The red draconian burns you.
* * * LOW HITPOINT WARNING * * *
The hellwing hits you!
* * * LOW HITPOINT WARNING * * *
The hellwing closely misses you. The red draconian barely misses you.
You feel better.
The hellwing hits you but does no damage.
The hellwing hits you.
* * * LOW HITPOINT WARNING * * *
The red draconian hits you from afar with a +1 glaive of flaming!
You die...

####.≈≈≈#.# #☼☼≈.####.#
###### ####.≈☼☼#.#
####..... #○○≈.####.#
####......§≈
####.≈≈○#.###8.....≈§≈§≈
#°≈≈.####.'......§≈§≈§§§
####.≈≈≈#####8..§§.≈≈§§≈
#○○○○#### ###.§≈≈≈§§≈≈
#####.)@## ##..≈≈≈≈§§§
#######48# ##..≈≈≈≈≈§§≈
#.).[.d3°####..≈§§§≈≈§≈≈
#∩)_....}##....≈§≈≈≈≈≈§≈
##)![../###....§≈≈≈≈≈≈≈≈
######## ##...≈§≈≈§≈≈≈§
##...§§§§§≈§≈
##..§§§§≈§≈§ ##.§§§§≈≈§≈


You could see a red draconian, an obsidian statue, a hellwing (summoned) and a
smoke demon (summoned).

Vanquished Creatures
  Kirke (Lair:3)
  An ogre mage (Volcano)
  3 two-headed ogres
  A skyshark (Lair:2)
  Pikel (D:9)
  An oklob plant (Lair:1)
  A black mamba (Lair:1)
  A water nymph (Lair:3)
  3 cane toads
  Maggie (D:10)
  5 komodo dragons
  A rime drake (Lair:3)
  A troll (D:10)
  2 wraiths
  5 wyverns
  6 fire bats (Volcano)
  21 yaks
  7 hogs (Lair:3)
  2 steam dragons
  2 basilisks
  An acid dragon (D:9)
  Edmund (D:5)
  11 water moccasins
  2 orc warriors
  An ice beast (D:8)
  A black bear (D:5)
  2 centaurs
  8 wolves (Lair:1)
  A lemure (D:9)
  A phantom (D:4)
  5 kobold brigands
  13 bullfrogs
  5 scorpions
  4 wights
  5 killer bees (D:8)
  8 electric eels
  A howler monkey (D:6)
  4 lava snakes (Volcano)
  2 hounds
  2 jellies (D:6)
  4 orc priests
  A gnoll bouda (D:5)
  Jessica (D:2)
  5 iguanas
  3 sleepcaps
  3 orc wizards
  11 gnolls
  6 adders
  2 shadow imps (D:5)
  2 white imps
  4 worms
  6 dart slugs
  23 orcs
  3 endoplasms
  A giant cockroach (D:4)
  7 hobgoblins
  4 jackals (D:4)
  3 quokkas
  5 ball pythons
  9 bats
  12 goblins
  32 kobolds
  7 rats
298 creatures vanquished.

Vanquished Creatures (others)
  A bullfrog (D:8)
  32 fungi
  44 plants (D:8)
77 creatures vanquished.

Grand Total: 375 creatures vanquished

Notes
Turn   | Place    | Note
-------+----------+-------------------------------------------
     0 | D:1      | Gargoyl the Gargoyle Berserker began the quest for the Orb.
     0 | D:1      | Reached XP level 1. HP: 14/14 MP: 1/1
   146 | D:1      | Reached XP level 2. HP: 13/19 MP: 2/2
   268 | D:1      | Reached skill level 3 in Axes
   585 | D:1      | Reached XP level 3. HP: 23/23 MP: 3/3
   816 | D:2      | Reached XP level 4. HP: 27/29 MP: 4/4
   868 | D:2      | Noticed Jessica
   876 | D:2      | Killed Jessica
   908 | D:2      | Reached ** piety under Trog
  1515 | D:2      | Reached XP level 5. HP: 33/33 MP: 5/5
  1846 | D:3      | Found a snail-covered altar of Cheibriados.
  1989 | D:3      | Reached skill level 4 in Axes
  2112 | D:4      | Noticed a phantom
  2132 | D:4      | Reached XP level 6. HP: 39/39 MP: 6/6
  2234 | D:4      | Reached skill level 5 in Axes
  2602 | D:5      | Entered Level 5 of the Dungeon
  2602 | D:5      | Found Jadunlya's Weapon Shoppe.
  2602 | D:5      | Found Houniett's Magic Scroll Shoppe.
  2612 | D:5      | Reached XP level 7. HP: 34/44 MP: 7/7
  2662 | D:5      | Bought 2 scrolls of teleportation for 72 gold pieces
  2662 | D:5      | Bought a scroll of teleportation for 36 gold pieces
  2662 | D:5      | Bought a scroll of teleportation for 36 gold pieces
  2683 | D:5      | Reached skill level 5 in Fighting
  2950 | D:5      | Noticed Edmund
  2957 | D:5      | Killed Edmund
  2958 | D:5      | Reached skill level 6 in Axes
  3000 | D:5      | Reached XP level 8. HP: 50/50 MP: 8/8
  3235 | D:6      | Found Ratzieri's Armour Shop.
  3242 | D:6      | Bought a +0 pair of boots for 54 gold pieces
  3316 | D:6      | Found Qieth's Magic Scroll Shoppe.
  3325 | D:6      | Reached skill level 7 in Axes
  3628 | D:6      | Reached skill level 1 in Stealth
  3862 | D:6      | Found a hazy altar of Hepliaklqana.
  3889 | D:6      | Found a staircase to the Ecumenical Temple.
  4302 | D:7      | Found Miutybuu's Weapon Emporium.
  4327 | D:7      | Identified the ring "Gepaept" {Will+ Str+3 Int-5 Dex+2
                  | Slay+3 SInv}
  4388 | D:7      | Found Mov Zysk's Magic Scroll Shop.
  4390 | D:7      | Noticed a wyvern
  4400 | D:7      | Killed a wyvern
  4401 | D:7      | Reached skill level 8 in Axes
  4401 | D:7      | Reached skill level 5 in Armour
  4401 | D:7      | Reached XP level 9. HP: 55/55 MP: 9/9
  4898 | D:8      | Reached skill level 9 in Axes
  4921 | D:8      | Found a staircase to the Lair.
  4953 | D:8      | Found a stormy altar of Qazlal.
  5102 | D:8      | Reached *** piety under Trog
  5436 | D:8      | Found a bloodstained altar of Trog.
  5438 | D:8      | Reached XP level 10. HP: 63/63 MP: 10/10
  5626 | D:9      | You are sucked into a shaft and drop 1 floor!
  5626 | D:10     | Entered Level 10 of the Dungeon
  5655 | D:9      | Noticed a two-headed ogre
  5805 | D:10     | Reached skill level 10 in Axes
  5847 | D:10     | Found an iron altar of Okawaru.
  5886 | D:10     | Noticed Maggie
  5930 | D:10     | Killed Maggie
  6170 | D:10     | Reached skill level 5 in Dodging
  6256 | D:10     | Found a staircase to the Orcish Mines.
  6277 | D:10     | Reached skill level 11 in Axes
  6419 | D:9      | Reached XP level 11. HP: 60/68 MP: 11/11
  6497 | D:9      | Killed a two-headed ogre
  6665 | D:9      | Noticed Pikel
  6677 | D:9      | Killed Pikel
  6678 | D:9      | Reached skill level 12 in Axes
  6996 | Lair:1   | Entered Level 1 of the Lair of Beasts
  7570 | Lair:1   | Noticed an oklob plant
  7585 | Lair:1   | Killed an oklob plant
  8021 | Lair:2   | Noticed a skyshark
  8036 | Lair:2   | Killed a skyshark
  8037 | Lair:2   | Reached skill level 13 in Axes
  8334 | Lair:2   | Reached **** piety under Trog
  8448 | Lair:2   | Found a staircase to the Snake Pit.
  8775 | Lair:3   | Identified a scroll of acquirement
  8775 | Lair:3   | Acquired the +0 hat "Qyosebau" {-Cast Rampage Regen+ Str+8}
  8816 | Lair:3   | Reached XP level 12. HP: 49/77 MP: 12/12
  8998 | Lair:3   | Reached skill level 10 in Fighting
  9045 | Lair:3   | Found a runed translucent gate.
  9045 | Lair:3   | Found a runed translucent gate.
  9045 | Lair:3   | Found a runed translucent gate.
  9256 | Lair:3   | Noticed Kirke
  9270 | Lair:3   | Killed Kirke
  9271 | Lair:3   | Reached skill level 14 in Axes
  9303 | Lair:3   | Found a dark tunnel.
  9308 | Volcano  | Entered a volcano
  9452 | Volcano  | Noticed a two-headed ogre
  9457 | Volcano  | Noticed an ogre mage
  9459 | Volcano  | Killed a two-headed ogre
  9462 | Volcano  | Noticed a soul eater
  9463 | Volcano  | Killed an ogre mage
  9465 | Volcano  | Noticed a two-headed ogre
  9474 | Volcano  | Found a radiant altar of Vehumet.
  9474 | Volcano  | Noticed a red draconian
  9479 | Volcano  | Killed a two-headed ogre
  9481 | Volcano  | Noticed a sun demon
  9486 | Volcano  | HP: 2/79 [smoke demon/divine providence[an obsidian statue]
                  | (11)]
  9488 | Volcano  | Slain by a red draconian

Illustrated notes

Levels and vault maps discovered:
D:1:      minmay_arrival_semitransparent, layout_loops_ring,
          hangedman_feature_mirror, corner_web_ring, minmay_cut_off
D:2:      layout_loops_cross, uniq_jessica
D:3:      layout_rooms, mainiacjoe_overflow_surrounded_room
D:4:      layout_cave_pools, chequers_serial_rivers_small_3
D:5:      layout_rooms, serial_shops, shop, shop, minivault_11, uniq_edmund
D:6:      layout_cave_pods, lemuel_round_altar, temple_hall,
          cheibrodos_sewer_entry_bend, serial_shops,
          nicolae_shop_competitors_out_of_business, shop_statue
D:7:      layout_rooms, serial_shops, nicolae_shop_competitors_out_of_business,
          nicolae_shop_waterfront, amcnicky_mini_pool_small
D:8:      layout_basic, grunt_qazlal_clouds, trog_hazing_becter,
          due_lair_maze_entry_diamond
D:9:      layout_roguey, feat_on_display, uniq_pikel
D:10:     layout_basic, okawaru_ov_weapons_minmay, orc_0_dummy,
          nicolae_trove_entry_diagonal, kennysheep_boxes, uniq_maggie
Lair:1:   layout_regular_city, chequers_serial_rivers_micro_b,
          chequers_serial_rivers_micro_e, infiniplex_staircase_pool
Lair:2:   layout_regular_city, dummy_snake_entry
Lair:3:   layout_big_grid, nicolae_shoals_entry_flooding,
          maelrawn_ghost_gauntlet_escape, enter_volcano_4, serial_bayou_shore_a,
          uniq_kirke
Volcano:  volcano_grotto [vgs_trial_by_fire]

Skill      XL: |  1  2  3  4  5  6  7  8  9 10 11 12 |
---------------+-------------------------------------+-----
Axes           | 3 4 5 6 8 9 11 13 14 | 14.4
Dodging        | 2 3 4 5 6 |  6.7
Fighting       | 4 5 6 7 8 9 10 | 10.7
Armour         | 3 4 5 6 |  6.9
Stealth        | 1 2 3 4 |  4.2
Throwing       | |  0.1

Action                     |  1- 3 |  4- 6 |  7- 9 | 10-12 || total
---------------------------+-------+-------+-------+-------++-------
  Melee: Hand axe          |    74 |    66 |       |       ||   140
         War axe           |       |    95 |   236 |   392 ||   723
         Punch             |       |       |     2 |     4 ||     6
  Throw: Dart              |       |       |       |     2 ||     2
 Invoke: Berserk           |     1 |     4 |     8 |    12 ||    25
         Trog's Hand       |       |       |     4 |     8 ||    12
         Brothers in Arms  |       |       |       |     1 ||     1
    Use: Scroll            |     3 |     5 |     3 |    11 ||    22
         Potion            |       |       |       |     2 ||     2
   Stab: Sleeping          |     1 |       |       |     3 ||     4
         Distracted        |       |       |     1 |       ||     1
 Armour: Animal skin       |    23 |       |       |       ||    23
         Ring mail         |    34 |   135 |   138 |    21 ||   328
         Troll leather arm |       |       |       |   129 ||   129
  Dodge: Dodged            |    87 |   133 |   171 |   331 ||   722

Table legend: (Time is in decaauts)
 A = Elapsed time spent in this place.
 B = Non-inter-level travel time spent in this place.
 C = Inter-level travel time spent in this place.
 D = Time resting spent in this place.
 E = Time spent auto-exploring this place.
 F = Levels seen in this place.
 G = Mean time per level.
                   A        B        C        D        E       F      G
               +--------+--------+--------+--------+--------+-----+--------+
         Total |   9757 |   9495 |    262 |    499 |   6487 |  14 |  696.9 |
       Dungeon |   7247 |   7033 |    214 |    311 |   4785 |  10 |  724.7 |
          Lair |   2346 |   2299 |     47 |    188 |   1655 |   3 |  782.0 |
       Volcano |    163 |    163 |      0 |      0 |     47 |   1 |  163.0 |
               +--------+--------+--------+--------+--------+-----+--------+

Top non-repeatable levels by time:
     D:6: 1073 daAuts
  Lair:1: 1035 daAuts
     D:8: 952 daAuts
     D:2: 865 daAuts
  Lair:2: 742 daAuts
     D:9: 726 daAuts
     D:1: 722 daAuts
     D:5: 684 daAuts
    D:10: 684 daAuts
     D:4: 574 daAuts
  Lair:3: 569 daAuts
     D:3: 538 daAuts
     D:7: 424 daAuts
 Volcano: 163 daAuts
